 Dungeon Crawl Stone Soup version 0.18-a0-971-g0af6217 (webtiles) character file.

316 chendo the Chiller (level 6, -1/41 HPs)
             Began as a Merfolk Ice Elementalist on Jan 3, 2016.
             Was an Initiate of Yredelemnul.
             Slain by an ogre
             ... wielding a +0 giant spiked club
              (26 damage)
             ... on level 4 of the Dungeon.
             The game lasted 00:26:21 (3595 turns).

chendo the Chiller (Merfolk Ice Elementalist)       Turns: 3595, Time: 00:26:27

Health: -1/41      AC:  7    Str:  8    XL:     6   Next: 44%
Magic:  5/11       EV: 13    Int: 15    God:    Yredelemnul [......]
Gold:   112        SH:  0    Dex: 16    Spells: 3 memorised, 6 levels left

rFire  . . .     SeeInvis .     d - +0 spear
rCold  . . .     Gourm    .     D - +0 leather armour
rNeg   . . .     Faith    .     (no shield)
rPois  .         Spirit   .     (no helmet)
rElec  .         Dismiss  +     (no cloak)
rCorr  .         Reflect  .     (no gloves)
SustAt .         Harm     .     (no boots)
MR     .....     Rnd*Tele +     p - amulet of dismissal
Stlth  ++........               t - +4 ring of protection
                                C - ring of teleportation (curse)

@: lethally poisoned (-1 -> -2), not resistant to hostile enchantments,
unstealthy
A: change form in water, swift swim
a: Renounce Religion, Evoke Teleportation


You were on level 4 of the Dungeon.
You worshipped Yredelemnul.
Yredelemnul was noncommittal.
You were not hungry.

You visited 1 branch of the dungeon, and saw 4 of its levels.

You collected 112 gold pieces.

Inventory:

Hand Weapons
 d - a +0 spear (weapon)
Armour
 v - a +0 robe
 D - a +0 leather armour (worn)
Jewellery
 l - an uncursed ring of wizardry
 m - an uncursed ring of stealth
 p - an amulet of dismissal (around neck)
 t - a +4 ring of protection (right hand)
 C - a cursed ring of teleportation (left hand)
Scrolls
 e - 4 scrolls of identify
 i - 2 scrolls of enchant armour {unknown}
 r - 2 scrolls of enchant weapon {unknown}
 s - a scroll of immolation {unknown}
 u - a scroll of teleportation {unknown}
 x - a scroll of recharging {unknown}
 y - a scroll of remove curse
Potions
 a - a potion of curing {unknown}
 f - 2 potions of magic {unknown}
 g - a potion of invisibility {unknown}
 k - 2 potions of flight {unknown}
 n - a potion of heal wounds {unknown}
 o - 2 potions of brilliance
 q - 2 potions of agility {unknown}
 w - a potion of ambrosia {unknown}
 z - 3 potions of poison {unknown}
 A - 2 potions of cancellation {unknown}
Books
 b - a book of Frost

   Spells                             Type                      Level
   a - Freeze                         Ice                          1
   b - Throw Frost                    Conjuration/Ice              2
   c - Ozocubu's Armour               Charms/Ice                   3
   d - Throw Icicle                   Conjuration/Ice              4
   e - Summon Ice Beast               Ice/Summoning                4
   f - Condensation Shield            Ice                          4
Comestibles
 c - 2 bread rations
 h - 2 beef jerkies
 j - a meat ration
 B - 2 chunks of flesh


   Skills:
 + Level 0.2 Fighting
 * Level 2.2 Polearms
 + Level 3.2 Dodging
 + Level 2.4 Stealth
 + Level 3.7 Spellcasting
 + Level 1.0 Conjurations
 * Level 1.3 Charms
 + Level 5.6 Ice Magic


You had 6 spell levels left.
You knew the following spells:

 Your Spells              Type           Power        Failure   Level  Hunger
a - Freeze                Ice            ###.         2%          1    None
b - Ozocubu's Armour      Chrm/Ice       ##......     24%         3    ###....
c - Throw Frost           Conj/Ice       ##....       12%         2    ##.....


Dungeon Overview and Level Annotations

Branches:
Dungeon (4/15)
 Temple: D:4-7

Altars:
Fedhas
Sif Muna
Yredelemnul

Annotations:
D:2 Sigmund


Message History

Casting: Freeze
Confirm with . or Enter, or press ? or * to list all spells.
Aiming: Freeze
Press: ? - help, Shift-Dir - straight line, f/p - ogre
Aim: an ogre, wielding a giant spiked club (heavily wounded)
You freeze the ogre.
The ogre is heavily wounded.
The ogre completely misses you.
Casting: Freeze
Confirm with . or Enter, or press ? or * to list all spells.
Aiming: Freeze
Press: ? - help, Shift-Dir - straight line, f/p - ogre
Aim: an ogre, wielding a giant spiked club (heavily wounded)
You freeze the ogre.
The ogre is almost dead.
Your icy armour evaporates.
The ogre hits you with a giant spiked club!!
Ouch! That really hurt!
You die...
Your body rises from the dead as a mindless zombie.

##.._...#
##.......##
##.........#
##..........#
#..........#
#.........#
#...[.....#
##.......##
#.@.....#
##O###..## #.S#
#### ..# ##.##
... ### ##..#
#..# ###.#
#..## ####
#...##...###..#
##..#
#........#..##
##...#
#.......#..#
##...#


You could see an ogre and an adder.

Vanquished Creatures
  A scorpion (D:4)
  An orc priest (D:3)
  An orc wizard (D:3)
  2 worker ants (D:4)
  Natasha (twice) (D:2)
  3 adders
  An adder skeleton (D:4)
  2 giant geckos
  9 orcs
  7 bats
  2 giant cockroaches
  5 goblins
  8 hobgoblins
  13 kobolds
  2 quokkas
  4 ball pythons
  2 giant newts (D:4)
  10 rats
75 creatures vanquished.

Notes
Turn   | Place    | Note
--------------------------------------------------------------
     0 | D:1      | chendo the Merfolk Ice Elementalist began the quest for the Orb.
     0 | D:1      | Reached XP level 1. HP: 13/13 MP: 3/3
   184 | D:1      | Reached XP level 2. HP: 19/19 MP: 1/5
   611 | D:1      | Reached skill level 4 in Ice Magic
   938 | D:2      | Reached XP level 3. HP: 24/24 MP: 4/6
   995 | D:2      | Learned a level 3 spell: Ozocubu's Armour
   998 | D:2      | Learned a level 2 spell: Throw Frost
  1432 | D:2      | Found a blossoming altar of Fedhas.
  1472 | D:2      | Noticed Natasha
  1507 | D:2      | Killed Natasha
  1507 | D:2      | Reached XP level 4. HP: 17/30 MP: 1/8
  1644 | D:2      | Noticed Sigmund
  1864 | D:3      | Reached XP level 5. HP: 19/35 MP: 0/9
  2106 | D:3      | Reached skill level 5 in Ice Magic
  2248 | D:2      | Noticed Natasha
  2258 | D:2      | Killed Natasha
  2310 | D:3      | Reached skill level 1 in Conjurations
  2466 | D:3      | Reached skill level 1 in Polearms
  2793 | D:4      | Reached XP level 6. HP: 25/41 MP: 8/11
  2870 | D:4      | Reached skill level 1 in Charms
  2910 | D:4      | Noticed a phantom
  2985 | D:4      | Noticed a phantom
  2991 | D:4      | Found a deep blue altar of Sif Muna.
  3470 | D:3      | Found a basalt altar of Yredelemnul.
  3475 | D:3      | Became a worshipper of Yredelemnul the Dark
  3595 | D:4      | Slain by an ogre

Vault maps used:
D:1:      dpeg_arrival_rooms_c
D:2:      first_bread, serial_bayou_ford_a, fedhas_altar_1, uniq_natasha,
          uniq_sigmund
D:3:      lemuel_upstairs_altar
D:4:      overflow_temple_1_default, minmay_curled_crystal

Action                   |  1- 3 |  4- 6 || total
-------------------------+-------+-------++-------
Melee: Unarmed           |     2 |       ||     2
       Spear             |       |    96 ||    96
 Cast: Freeze            |    56 |    73 ||   129
       Throw Frost       |     7 |     5 ||    12
       Ozocubu's Armour  |       |     1 ||     1
  Use: Scroll            |       |     2 ||     2
 Stab: Distracted        |       |     1 ||     1
  Eat: Chunk             |     1 |     3 ||     4
       Meat ration       |     1 |       ||     1
       Beef jerky        |       |     1 ||     1
